 Dungeon Crawl Stone Soup version 0.27.1-33-g824d729ab1 (webtiles) character file.

Game seed: 4737613468603057430

4 dianekeaton the Twirler (level 1, 18/18 HPs)
             Began as a Minotaur Gladiator on Dec 8, 2021.
             Was a Believer of Lugonu.
             Quit the game on level 1 of the Dungeon.
             The game lasted 00:02:08 (146 turns).

dianekeaton the Twirler (Minotaur Gladiator)         Turns: 146, Time: 00:02:09

Health: 18/18      AC:  6    Str: 18    XL:     1   Next: 50%
Magic:  0/0        EV: 10    Int:  5    God:    Lugonu [**....]
Gold:   0          SH:  0    Dex: 11    Spells: 0/0 levels left

rFire    . . .     SeeInvis .   a - +0 quarterstaff
rCold    . . .     Faith    .   (shield currently unavailable)
rNeg     . . .     Spirit   .   e - +0 scale mail
rPois    .         Reflect  .   c - +0 hat
rElec    .         Harm     .   (no cloak)
rCorr    .         Rampage  .   (no gloves)
Will     .....                  (no boots)
Stlth    ..........             (no amulet)
HPRegen  0.06/turn              (no ring)
MPRegen  0.07/turn              (no ring)

@: no status effects
A: horns 2, retaliatory headbutt
a: Renounce Religion, Depart the Abyss, Bend Space


You were on level 1 of the Dungeon.
You worshipped Lugonu.
Lugonu was pleased with you.
You visited 1 branch of the dungeon, and saw 1 of its levels.

Inventory:

Hand Weapons
 a - a +0 quarterstaff (weapon)
Missiles
 d - 3 throwing nets (quivered)
Armour
 c - a +0 hat (worn)
 e - a +0 scale mail (worn)


   Skills:
 - Level 2.4 Fighting
 * Level 3.8 Staves
 - Level 2.0 Throwing
 * Level 0.2 Armour
 + Level 3.3 Dodging


You couldn't memorise any spells.
You didn't know any spells.
Your spell library was empty.

Dungeon Overview and Level Annotations

Branches:
Dungeon (1/15)

Altars:
Lugonu


Innate Abilities, Weirdness & Mutations

You have a pair of horns on your head.
You reflexively headbutt those who attack you in melee.


Message History

You start putting on your armour.
You continue putting on your +0 scale mail. x5
You finish putting on your +0 scale mail.
Drop what? 5/52 slots (_ for help) (? for menu, Esc to quit)
You drop a +0 leather armour.
A kobold comes into view. It is wielding a +0 dagger.
The kobold shouts!
The kobold throws a stone.
The stone barely misses you.
The kobold throws a stone.
The stone hits you but does no damage. The kobold hits you but does no damage.
You sock the kobold!
You kill the kobold!
Things that are here:
a +0 dagger; 4 stones A dart slug comes into view.
You hit the dart slug.
The dart slug is moderately wounded.
The dart slug barely misses you. You furiously retaliate!
You headbutt the dart slug. You sock the dart slug!
You kill the dart slug!
You see here a dart slug corpse.
Found a mace.
You see here a +0 mace.
Found a faded altar of an unknown god.
There is a faded altar of an unknown god here.
Found a scroll labelled HOEQ HUZOXT.
There is a faded altar of an unknown god here.
You cannot tell which god this altar belongs to.
Convert to them anyway?
Okay, then.
Press: ? - help, v - describe, . - travel The floor.
You cannot tell which god this altar belongs to.
Convert to them anyway?
Uppercase [Y]es or [N]o only, please.
You cannot tell which god this altar belongs to.
Convert to them anyway?
Lugonu accepts your prayer! Lugonu welcomes you!
You can now depart the Abyss.
You can now bend space around yourself.
You aren't carrying any potions.
Are you sure you want to abandon this character and quit the game? (Confirm with "yes".)

.......# #......#
#......# #......#
#......# ######......#
............#♣#♣#♣######
.......@......._........
........#####♣#♣#♣#..###
..?.....# ##.# #
........# #.# #
........# #.# #
........# #.# #
........# #.# #
........# #.# # #.# #


There were no monsters in sight!

Vanquished Creatures
  A dart slug (D:1)
  A kobold (D:1)
2 creatures vanquished.

Notes
Turn   | Place    | Note
-------+----------+-------------------------------------------
     0 | D:1      | dianekeaton the Minotaur Gladiator began the quest for the
                  | Orb.
     0 | D:1      | Reached XP level 1. HP: 18/18 MP: 0/0
   119 | D:1      | Found a faded altar of an unknown god.
   137 | D:1      | Became a worshipper of Lugonu the Unformed
   137 | D:1      | Reached * piety under Lugonu
   137 | D:1      | Reached ** piety under Lugonu
   146 | D:1      | Quit the game

Illustrated notes

Levels and vault maps discovered:
D:1:      wander_arrival_estate, layout_basic, ebering_ecumenical_altar_hall

Action                   || total
-------------------------++-------
Melee: Quarterstaff      ||     3
Armor: Scale mail        ||     2
Dodge: Dodged            ||     2
